 Dungeon Crawl Stone Soup version 0.14-a0-1266-g856eec9 (console) character file.

319 Illaniel the Slasher (level 5, -3/35 HPs)
             Began as a High Elf Skald on Dec 4, 2013.
             Slain by a centaur (8 damage)
             ... on Level 5 of the Dungeon.
             The game lasted 00:11:13 (2725 turns).

Illaniel the Slasher (High Elf Skald)               Turns: 2725, Time: 00:11:13

HP  -3/35        AC  5     Str 11      XL: 5   Next:  9%
MP  11/14        EV 11     Int 17      God:
Gold 170         SH  0     Dex 14      Spells:  4 memorised,  1 level left

rFire  . . .     SeeInvis .     a - +0 elf falchion
rCold  . . .     Clarity  .     b - +0 elf leather armour
rNeg   . . .     Conserve .     (no shield)
rPois  .         rCorr    .     (no helmet)
rElec  .         rRot     .     v - +0 cloak
SustAb . .       Spirit   .     y - +0 pair of dwarf gloves
rMut   .         Warding  .     (no boots)
Saprov . . .     Stasis   .     (no amulet)
                                (no ring)
                                u - ring of wizardry

@: slightly resistant to hostile enchantments, unstealthy
A: no striking features
a: no special abilities


You were on level 5 of the Dungeon.
You were not hungry.

You visited 1 branch of the dungeon, and saw 5 of its levels.

You collected 170 gold pieces.

Inventory:

Hand weapons
 a - a +0,+0 elven falchion (weapon)
 p - a +0,+0 sling
 s - a +2,+3 sling
Missiles
 i - 4 poisoned needles
 k - 60 stones (quivered)
Armour
 b - a +0 elven leather armour (worn)
 v - a +0 cloak (worn)
 y - a +0 pair of dwarven gloves (worn)
Magical devices
 l - a wand of flame (8)
Comestibles
 d - 3 bread rations
 f - a cheese
 h - an apple
 q - a rotting chunk of ball python flesh
 z - 2 chunks of worm flesh
 A - a meat ration
Scrolls
 g - a scroll of blinking {unknown}
 j - 2 scrolls of enchant weapon II {unknown}
 o - a scroll of random uselessness {unknown}
 r - 2 scrolls of identify {unknown}
 w - a scroll of fear {unknown}
Jewellery
 u - a ring of wizardry (left hand)
Potions
 e - a potion of cure mutation {unknown}
 n - a potion of confusion {unknown}
 x - a potion of agility {unknown}
 B - a potion of restore abilities {unknown}
Books
 c - a book of Battle

   Spells                             Type                      Level
   *Infusion                          Charms                       1
   *Shroud of Golubria                Charms/Translocation         2
   Song of Slaying                    Charms                       2
   *Spectral Weapon                   Hexes/Charms                 3
   *Regeneration                      Charms/Necromancy            3


   Skills:
 + Level 2.6 Fighting
 + Level 4.0 Long Blades
 + Level 2.1 Armour
 + Level 2.3 Dodging
 + Level 3.1 Spellcasting
 + Level 3.8 Charms


You had one spell level left.
You knew the following spells:

 Your Spells              Type           Power        Failure   Level  Hunger
a - Infusion              Chrm           ###...       1%          1    None
c - Spectral Weapon       Hex/Chrm       #.......     10%         3    ###....
h - Shroud of Golubria    Chrm/Tloc      #.........   5%          2    ##.....
r - Regeneration          Chrm/Necr      #.........   10%         3    ###....


Dungeon Overview and Level Annotations

Branches:
Dungeon (5/16)
 Temple: D:4-7

Altars:
Kikubaaqudgha

Annotations:
D:4 Sigmund


Message History

Found 9 arrows.
You see here an arrow.
The centaur shoots an arrow.
The arrow misses you.
Casting: Spectral Weapon
Confirm with . or Enter, or press ? or * to list all spells.
Space distorts slightly along a thin shroud covering your body.
Casting: Shroud of Golubria
Confirm with . or Enter, or press ? or * to list all spells.
Your attacks are magically infused.
The centaur shoots an arrow.
The arrow hits you!
The centaur shoots an arrow.
The arrow hits you!
An orc comes into view. It is wielding an orcish hand axe.
You see here an arrow.
The centaur shoots an arrow.
The arrow hits you!
* * * LOW HITPOINT WARNING * * *
The orc moves out of view.
The centaur shoots an arrow.
The arrow hits you!
* * * LOW HITPOINT WARNING * * *
You see here 2 arrows.
The centaur unwields an uncursed bow.
The centaur hits you!
You die... ▒∙▒ ∙∙∙∙∙∙∙ ▒∙∙∙∙( ∙∙ ∙∙∙∙∙ ∙∙ $∙o

∙∙ ▒ ▒ ▒∙∙ ∙▒ ∙∙∙
▒∙▒▒▒∙▒▒▒▒▒∙▒∙∙∙∙
▒∙∙∙c∙∙∙∙∙∙∙∙∙∙∙▒
▒▒▒∙∙@∙∙∙∙∙∙∙∙▒▒▒∙
∙∙∙∙▒∙▒▒(▒▒<∙∙∙∙∙∙∙∙
▒∙∙∙∙∙(((∙∙∙∙∙∙∙∙∙
▒▒▒∙▒▒∙▒▒▒▒∙∙∙▒▒▒ ∙∙
▒∙[∙∙∙∙∙∙▒ ▒▒
▒▒▒▒▒▒∙∙∙▒ ∙∙▒ ∙∙ ∙


You could see a centaur and an orc.

Vanquished Creatures
  7 adders
  A giant mite (D:1)
  An inept feature mimic (D:3)
  A worm (D:5)
  A giant gecko (D:3)
  9 bats
  4 giant cockroaches
  7 goblins
  4 hobgoblins (D:2)
  9 jackals
  8 kobolds
  4 ball pythons (D:3)
  2 giant newts (D:3)
  A quokka (D:3)
  7 rats
66 creatures vanquished.

Notes
Turn   | Place    | Note
--------------------------------------------------------------
     0 | D:1      | Illaniel, the High Elf Skald, began the quest for the Orb.
     0 | D:1      | Reached XP level 1. HP: 14/14 MP: 4/4
    82 | D:1      | Reached skill level 1 in Armour
   282 | D:1      | Reached XP level 2. HP: 5/19 MP: 1/6
   286 | D:1      | Learned a level 2 spell: Shroud of Golubria
   474 | D:2      | Found an ancient bone altar of Kikubaaqudgha.
   732 | D:2      | Reached XP level 3. HP: 17/25 MP: 0/8
   737 | D:2      | Learned a level 3 spell: Regeneration
  1130 | D:1      | Reached XP level 4. HP: 25/30 MP: 5/11
  1981 | D:3      | Learned a level 3 spell: Spectral Weapon
  2489 | D:3      | Reached skill level 4 in Long Blades
  2489 | D:3      | Reached XP level 5. HP: 31/35 MP: 7/14
  2559 | D:4      | Noticed Sigmund
  2597 | D:4      | Noticed a centaur
  2663 | D:5      | Entered Level 5 of the Dungeon
  2717 | D:5      | Noticed a centaur
  2725 | D:5      | Slain by a centaur

Action                   |  1- 3 |  4- 6 || total
-------------------------+-------+-------++-------
Melee: Falchion          |   105 |    90 ||   195
 Cast: Infusion          |    19 |    22 ||    41
       Shroud of Golubri |     6 |    13 ||    19
       Regeneration      |     1 |     1 ||     2
       Spectral Weapon   |       |     3 ||     3
Evoke: Wand              |       |     1 ||     1
